 Dungeon Crawl Stone Soup version 0.17-a0-2231-gd80ca38 (webtiles) character file.

413 Raultor the Sneak (level 6, -5/36 HPs)
             Began as an Octopode Enchanter on Oct 29, 2015.
             Slain by a giant frog (9 damage)
             ... on level 6 of the Dungeon.
             The game lasted 00:13:59 (3394 turns).

Raultor the Sneak (Octopode Enchanter)              Turns: 3394, Time: 00:13:59

Health: -5/36      AC:  1    Str:  7    XL:     6   Next: 90%
Magic:  3/9        EV: 12    Int: 18    God:
Gold:   281        SH:  0    Dex: 14    Spells: 3 memorised, 3 levels left

rFire  . . .     SeeInvis .     p - +3 dagger
rCold  + . .     Clarity  .     (no shield)
rNeg   . . .     SustAt   .     h - +0 hat
rPois  .         Gourm    .     (no amulet)
rElec  .         Spirit   .     v - ring of protection from cold
rCorr  .         Warding  .     (no ring)
rMut   .         Stasis   .     (no ring)
MR     .....                    (no ring)
Stlth  +++++.....               (no ring)
                                (no ring)
                                (no ring)
                                (no ring)

@: not resistant to hostile enchantments, quite stealthy
A: almost no armour, amphibious, 8 rings, constrict 8, camouflage 1, gelatinous
body 1
a: no special abilities


You were on level 6 of the Dungeon.
You were not hungry.

You visited 1 branch of the dungeon, and saw 6 of its levels.

You collected 281 gold pieces.

Inventory:

Hand Weapons
 a - a +1 dagger
 p - a +3 dagger (weapon)
Armour
 h - a +0 hat (worn)
 k - a +0 shield
Jewellery
 v - a ring of protection from cold (left tentacle)
Scrolls
 f - a scroll of fog {unknown}
 g - 2 scrolls of remove curse
 i - 2 scrolls of noise {unknown}
 j - a scroll of teleportation {unknown}
 m - a scroll of enchant weapon {unknown}
 o - a scroll of magic mapping {unknown}
 t - 3 scrolls of identify {unknown}
Potions
 d - a potion of degeneration {unknown}
 e - a potion of ambrosia {unknown}
 l - a potion of invisibility {unknown}
 n - 2 potions of haste {unknown}
 r - a potion of brilliance {unknown}
 s - a potion of beneficial mutation {unknown}
Books
 b - a book of Maledictions

   Spells                             Type                      Level
   a - Corona                         Hexes                        1
   b - Ensorcelled Hibernation        Hexes/Ice                    2
   c - Confuse                        Hexes                        3
   d - Tukima's Dance                 Hexes                        3
   e - Dazzling Spray                 Conjuration/Hexes            3
Comestibles
 c - a bread ration
 q - 3 meat rations
 u - 9 chunks of flesh


   Skills:
 + Level 3.6 Short Blades
 - Level 2.0 Dodging
 + Level 6.9 Stealth
 - Level 2.0 Spellcasting
 + Level 5.2 Hexes


You had 3 spell levels left.
You knew the following spells:

 Your Spells              Type           Power        Failure   Level  Hunger
a - Corona                Hex            ###....      1%          1    #......
b - Ensorcelled Hibernat  Hex/Ice        ##....       12%         2    ###....
c - Tukima's Dance        Hex            ###.....     10%         3    ###....


Dungeon Overview and Level Annotations

Branches:
Dungeon (6/15)
 Temple: D:4-7

Altars:
Qazlal
Trog

Annotations:
D:6 Pikel


Innate Abilities, Weirdness & Mutations

You cannot wear most types of armour.
You are amphibious.
You can wear up to eight rings at the same time.
You can use your tentacles to constrict eight enemies at once.
Your skin changes colour to match your surroundings (Stealth).
Your rubbery body absorbs attacks (AC +1).


Message History

Found 9 gold pieces, 22 stones and a short sword.
There is a stone staircase leading up here.
You hit the giant frog. You grab the giant frog.
The giant frog is moderately wounded.
You constrict the giant frog.
The giant frog hits you but does no damage.
The gnoll barely misses you. The giant frog closely misses you.
You hit the giant frog.
The giant frog is severely wounded.
You constrict the giant frog. The gnoll hits you! The giant frog hits you.
* * * LOW HITPOINT WARNING * * *
You hit the gnoll. You grab the gnoll.
The gnoll is moderately wounded.
You constrict the gnoll. You constrict the giant frog. The giant frog hits you.
* * * LOW HITPOINT WARNING * * *
The gnoll misses you.
You hit the gnoll.
The gnoll is severely wounded.
You constrict the gnoll. You constrict the giant frog. The giant frog hits you!
You die...

### #########.##
...........##
..........(.##.##
......F@g.$......
###.#.###<#.##..
# #.# ... ..)..
p.p.### Kp####
#.. ..


You could see a giant frog and a gnoll.

Vanquished Creatures
  A sky beast (D:5)
  A scorpion (D:5)
  A gnoll sergeant (D:3)
  An orc wizard (D:4)
  An orc priest (D:4)
  4 adders
  4 gnolls (D:3)
  An adder skeleton (D:3)
  2 worms (D:2)
  5 giant geckos
  7 orcs
  A ball python (D:2)
  3 bats
  A giant cockroach (D:1)
  11 goblins
  9 hobgoblins
  9 kobolds
  2 quokkas
  4 giant newts
  4 jackals (D:4)
  6 rats
78 creatures vanquished.

Vanquished Creatures (collateral kills)
  5 orcs
5 creatures vanquished.

Grand Total: 83 creatures vanquished

Notes
Turn   | Place    | Note
--------------------------------------------------------------
     0 | D:1      | Raultor the Octopode Enchanter began the quest for the Orb.
     0 | D:1      | Reached XP level 1. HP: 11/11 MP: 3/3
    70 | D:1      | Reached XP level 2. HP: 13/17 MP: 3/5
    76 | D:1      | Learned a level 2 spell: Ensorcelled Hibernation
   440 | D:1      | Reached XP level 3. HP: 21/21 MP: 6/6
  1046 | D:2      | Found a bloodstained altar of Trog.
  1152 | D:2      | Reached skill level 5 in Stealth
  1431 | D:2      | Reached XP level 4. HP: 27/27 MP: 4/7
  1942 | D:3      | Found a stormy altar of Qazlal.
  2011 | D:3      | Noticed a gnoll sergeant
  2337 | D:3      | Reached XP level 5. HP: 31/31 MP: 8/8
  2342 | D:3      | Learned a level 3 spell: Tukima's Dance
  2651 | D:3      | Killed a gnoll sergeant
  2989 | D:4      | Reached skill level 6 in Stealth
  2989 | D:4      | Reached XP level 6. HP: 22/36 MP: 9/9
  3284 | D:4      | You fall through a shaft!
  3284 | D:5      | Entered Level 5 of the Dungeon
  3289 | D:5      | Reached skill level 5 in Hexes
  3388 | D:6      | Noticed Pikel
  3394 | D:6      | Slain by a giant frog

Vault maps used:
D:1:      erik_arrival_triangle_small, serial_bayou_pond_a
D:2:      trog_three_pillars_becter
D:3:      nicolae_qazlal_general_emergency
D:4:      grunt_decor_arrowhead
D:5:      first_bread, serial_shops, shop, uniq_grinder
D:6:      kennysheep_little_box, kennysheep_mini, uniq_menkaure, uniq_pikel

Action                   |  1- 3 |  4- 6 || total
-------------------------+-------+-------++-------
Melee: Dagger            |    75 |    94 ||   169
 Cast: Corona            |     2 |       ||     2
       Ensorcelled Hiber |    10 |     9 ||    19
       Tukima's Dance    |       |     7 ||     7
  Use: Scroll            |       |     1 ||     1
 Stab: Sleeping          |    16 |    11 ||    27
       Distracted        |       |     2 ||     2
  Eat: Bread ration      |     1 |       ||     1
       Beef jerky        |       |     1 ||     1
       Chunk             |       |     4 ||     4
